Map: Ascension to Aiur LE

Players

Yata - Winner!

  • Race: Zerg Zerg
  • League: Silver
  • Spawn Location: 5:00

A.I. 1 (Harder)

  • Race: Zerg Zerg
  • Spawn Location: 11:00

VOD

Have the link to the VOD?

Description

Time

  • Played on: July 12, 2017, 8:39 p.m.
  • Length: 17:45
Show
View Real Time Build Order
Export as new Build Order

Yata Zerg - Winner!

Build Orders: Hatch First, Muta Ling Bane 

Get SALT Encoding   

  12  0:01  Drone  
  13  0:17  Overlord  
  13  0:21  Drone  
  14  0:37  Drone  
  14  0:38  Drone  
  14  0:40  Drone  
  17  0:56  Drone  
  18  1:00  Hatchery  
  18  1:03  Drone  
  18  1:13  Extractor  
  18  1:17  Spawning Pool  
  16  1:19  Drone  
  17  1:25  Drone  
  18  1:33  Drone  
  19  1:45  Overlord  
  19  2:05  Queen  
  21  2:09  Zergling x4  
  23  2:17  Queen  
  23  2:18  Metabolic Boost  
  25  2:23  Drone x2  
  25  2:25  Drone  
  28  2:34  Baneling Nest  
  27  2:56  Drone x6  
  33  3:10  Overlord  
  32  3:18  Overlord x2  
  32  3:33  Drone x3  
  32  3:34  Drone  
  36  3:36  Drone  
  36  3:37  Drone x2  
  39  3:48  Lair  
  39  3:52  Zergling x2  
  39  3:53  Zergling x6  
  43  3:57  Hatchery  
  42  4:08  Extractor  
  41  4:42  Queen  
  43  4:49  Baneling  
  43  4:50  Baneling x6  
  43  5:03  Drone x8  
  43  5:04  Drone x6, Queen  
  43  5:07  Overlord x3  
  59  5:18  Queen  
  57  5:38  Drone x2  
  57  5:40  Queen  
  61  5:49  Zergling x2  
  62  5:50  Zergling x12  
  68  5:59  Spire  
  67  6:16  Hatchery  
  66  6:19  Baneling x4  
  66  6:20  Baneling x4  
  66  6:28  Zergling x12  
  66  6:29  Zergling x20  
  82  6:36  Evolution Chamber  
  65  7:10  Queen  
  67  7:20  Zerg Flyer Weapons Level 1  
  67  7:24  Centrifical Hooks  
  67  7:25  Infestation Pit  
  67  7:27  Zergling x8  
  67  7:28  Zergling x14  
  77  7:31  Queen  
  79  7:38  Zerg Melee Weapons Level 1  
  79  7:42  Drone  
  79  7:43  Drone x6  
  86  7:45  Overlord  
  86  7:46  Overlord x2  
  86  8:04  Overseer  
  86  8:07  Unknown  
  71  8:38  Mutalisk x4  
  76  8:52  Hive  
  76  9:07  Drone  
  76  9:08  Drone x12  
  76  9:09  Drone x3  
  92  9:31  Extractor  
  92  9:32  Extractor  
  92  9:35  Extractor  
  89  9:39  Zergling x2  
  89  9:40  Zergling x32  
  89  9:41  Extractor  
  105  9:53  Extractor  
  105  9:57  Zerg Melee Weapons Level 2, Extractor  
  102  10:33  Zergling x2  
  103  10:36  Baneling  
  103  10:37  Baneling x19  
  103  10:38  Baneling x6  
  81  11:04  Mutalisk  
  81  11:05  Mutalisk x2  
  86  11:56  Mutalisk x6  
  86  12:00  Overlord x5  
  86  12:01  Overlord x6  
  96  12:02  Overlord x2  
  96  12:11  Overseer  
  96  12:12  Overseer  
  96  12:22  Ultralisk Cavern  
  95  12:28  Greater Spire  
  95  12:36  Zerg Melee Weapons Level 3  
  95  12:43  Mutalisk x5  
  97  12:48  Zergling x18  
  114  12:53  Zergling x2  
  114  12:54  Zergling x12  
  121  13:20  Unknown  
  121  13:26  Unknown  
  112  13:35  Zergling x2  
  112  13:36  Zergling x28  
  112  13:37  Zergling x12  
  133  14:02  Unknown  
  131  14:06  Ultralisk, Unknown  
  131  14:07  Ultralisk x8  
  183  14:29  Chitinous Plating  
  183  14:44  Hatchery  
  175  15:16  Ultralisk  
  175  15:17  Ultralisk x3  
  188  15:27  Zergling x28  
  188  15:28  Zergling x6  
  179  15:38  Mutalisk x3  
  177  16:08  Ultralisk  
  177  16:09  Ultralisk x3  
  199  16:15  Unknown  
  199  16:18  Mutalisk, Unknown  
  193  16:33  Unknown  
  193  16:41  Zergling x2  
  193  16:42  Zergling x12  
  193  16:44  Unknown  
  199  16:52  Unknown  
  198  16:55  Unknown  
  198  16:58  Unknown  
  198  17:02  Unknown  
  196  17:10  Unknown  
  195  17:17  Unknown  
  195  17:22  Unknown  
  199  17:39  Unknown  
Show
View Real Time Build Order
Export as new Build Order

A.I. 1 (Harder) Zerg 

Build Orders: Pool First 

Get SALT Encoding   

  12  0:00  Drone  
  13  0:12  Overlord  
  13  0:16  Drone  
  14  0:30  Drone x2  
  16  0:42  Spawning Pool  
  15  0:45  Drone  
  15  0:49  Drone  
  17  0:52  Extractor  
  17  0:55  Drone  
  17  1:05  Overlord  
  17  1:31  Zergling x2, Queen  
  20  1:38  Roach Warren, Drone  
  20  1:40  Zergling x2, Extractor  
  20  1:49  Drone  
  21  1:59  Drone  
  22  2:10  Overlord  
  22  2:21  Drone  
  23  2:31  Lair  
  23  2:32  Roach  
  25  2:37  Drone  
  25  2:41  Roach  
  28  2:50  Roach  
  30  2:51  Overlord  
  30  2:59  Roach  
  32  3:18  Roach  
  34  3:28  Roach  
  34  3:30  Overlord  
  34  3:32  Hydralisk Den  
  35  3:34  Drone  
  35  3:40  Roach  
  38  3:50  Roach  
  40  4:00  Hydralisk  
  42  4:08  Overlord  
  42  4:10  Hydralisk  
  42  4:12  Drone  
  42  4:16  Drone  
  46  4:19  Hydralisk  
  46  4:20  Drone  
  49  4:29  Zergling x2  
  49  4:35  Drone  
  49  4:36  Baneling Nest  
  49  4:43  Evolution Chamber  
  49  4:44  Hydralisk  
  49  4:45  Drone  
  51  4:46  Drone  
  51  4:49  Drone  
  53  4:58  Drone  
  54  5:20  Zergling x2  
  50  5:29  Hydralisk  
  52  5:38  Hydralisk  
  54  6:01  Overlord, Burrow, Zerg Melee Weapons Level 1  
  54  6:07  Hatchery  
  54  6:08  Drone  
  54  6:14  Hydralisk  
  56  6:24  Hydralisk  
  58  6:33  Spore Crawler  
  58  6:37  Drone, Spore Crawler  
  57  6:46  Zergling x2  
  56  6:51  Overseer  
  52  6:57  Roach, Overseer  
  36  7:05  Roach  
  38  7:12  Queen  
  38  7:13  Roach  
  42  7:21  Roach, Drone  
  45  7:26  Drone  
  45  7:27  Drone  
  45  7:28  Hydralisk  
  49  7:31  Drone  
  49  7:32  Drone  
  49  7:37  Ravager, Drone  
  53  7:39  Drone  
  53  7:42  Drone  
  55  7:47  Drone  
  56  7:51  Drone, Hydralisk  
  56  7:55  Zerg Ground Armor Level 1, Ravager, Drone, Roach  
  56  7:56  Drone  
  62  8:00  Drone  
  62  8:02  Drone  
  64  8:09  Drone  
  64  8:12  Roach  
  63  8:13  Drone  
  63  8:17  Roach x2  
  63  8:19  Hydralisk  
  60  8:23  Drone  
  60  8:25  Drone  
  55  8:28  Roach  
  55  8:32  Drone  
  55  8:33  Drone  
  53  8:36  Hydralisk  
  55  8:42  Extractor  
  55  8:44  Roach, Extractor  
  55  8:50  Spine Crawler  
  55  8:52  Zergling x2  
  55  8:53  Spine Crawler  
  55  8:55  Spore Crawler  
  53  8:56  Drone  
  53  8:59  Hydralisk  
  53  9:00  Spore Crawler  
  53  9:02  Drone  
  56  9:05  Drone x2  
  56  9:06  Drone  
  56  9:07  Hydralisk  
  61  9:15  Overlord  
  61  9:18  Drone  
  61  9:21  Queen, Drone, Hydralisk  
  67  9:27  Spine Crawler  
  67  9:28  Drone, Hydralisk  
  69  9:33  Spine Crawler  
  69  9:35  Drone  
  69  9:37  Roach, Ravager x2  
  73  9:44  Overlord  
  73  9:45  Ravager  
  74  9:48  Roach  
  74  9:49  Zerg Missile Weapons Level 1  
  74  9:52  Queen x2  
  76  9:56  Roach  
  76  9:59  Infestation Pit  
  79  10:00  Drone  
  79  10:06  Evolution Chamber  
  79  10:07  Roach  
  79  10:11  Overlord  
  81  10:19  Hatchery  
  80  10:25  Roach  
  82  10:32  Hydralisk  
  82  10:33  Pneumatized Carapace  
  80  10:37  Infestor  
  80  10:41  Overseer  
  82  10:43  Roach  
  82  10:44  Drone x7  
  82  10:48  Roach  
  86  10:50  Overlord  
  86  10:53  Roach  
  88  10:58  Roach  
  88  11:03  Zergling x2  
  71  11:08  Roach  
  73  11:13  Roach  
  73  11:18  Roach  
  77  11:23  Roach  
  79  11:27  Hydralisk  
  79  11:31  Hive  
  79  11:32  Hydralisk  
  81  11:37  Hydralisk  
  85  11:42  Infestor, Drone  
  85  11:44  Drone  
  89  11:47  Infestor, Drone  
  89  11:49  Drone  
  89  11:50  Drone  
  89  11:52  Infestor  
  89  11:53  Drone  
  94  11:55  Drone  
  94  11:57  Drone  
  94  12:00  Drone  
  93  12:06  Overlord  
  93  12:08  Overseer  
  93  12:12  Drone  
  93  12:14  Drone  
  95  12:16  Drone  
  95  12:17  Drone  
  95  12:19  Drone  
  95  12:21  Drone  
  95  12:22  Drone  
  100  12:25  Drone  
  100  12:27  Overlord  
  100  12:29  Drone  
  102  12:31  Drone  
  102  12:32  Drone  
  102  12:34  Drone  
  102  12:35  Drone  
  106  12:41  Drone x2  
  108  12:44  Zerg Melee Weapons Level 2  
  108  12:46  Drone  
  109  12:52  Overlord, Viper  
  112  13:02  Pathogen Glands  
  112  13:04  Glial Reconstitution  
  112  13:11  Hatchery  
  111  13:13  Drone  
  111  13:18  Spire  
  111  13:19  Drone  
  111  13:20  Drone x2  
  111  13:21  Drone x2  
  111  13:22  Drone  
  112  13:34  Spore Crawler  
  112  13:35  Queen  
  112  13:39  Queen  
  112  13:40  Overlord, Spore Crawler  
  112  13:41  Drone  
  115  13:42  Drone x3, Evolution Chamber  
  115  13:43  Extractor  
  115  13:45  Drone  
  115  13:46  Drone x2  
  115  13:48  Drone  
  114  13:55  Drone x3  
  112  13:57  Extractor  
  112  13:58  Drone  
  112  14:01  Zergling x2  
  112  14:04  Evolution Chamber  
  112  14:05  Drone x2  
  112  14:08  Spine Crawler, Drone  
  113  14:10  Spine Crawler  
  113  14:11  Drone  
  113  14:15  Ultralisk Cavern  
  112  14:17  Drone  
  113  14:29  Zerg Ground Armor Level 2, Ravager  
  113  14:30  Drone, Zerg Flyer Armor Level 1  
  114  14:33  Drone  
  114  14:35  Swarm Host, Overlord, Extractor, Drone x2  
  114  14:37  Roach  
  120  14:38  Extractor, Drone  
  120  14:41  Drone x2  
  120  14:44  Zergling x2  
  120  14:45  Roach  
  118  14:47  Drone  
  118  14:52  Queen  
  110  14:54  Roach  
  110  14:57  Swarm Host  
  106  15:05  Drone, Hydralisk Den  
  106  15:06  Drone  
  106  15:13  Drone x2  
  106  15:20  Zergling x2, Drone x3  
  106  15:21  Zergling x4, Drone x2  
  107  15:22  Zergling x4, Drone  
  107  15:23  Zergling x2, Drone x2  
  107  15:24  Drone x2  
  107  15:25  Drone x2  
  97  15:34  Roach  
  97  15:35  Mutalisk, Drone  
  91  15:40  Lurker Den, Drone  
  91  15:41  Roach x2  
  71  15:45  Roach  
  71  15:48  Hydralisk  
  63  15:51  Drone  
  63  15:52  Zergling x2  
  63  15:53  Zergling x2  
  63  15:54  Roach, Zergling x2  
  62  15:57  Hydralisk  
  62  16:00  Zergling x2  
  56  16:04  Zergling x2  
  56  16:06  Zergling x2  
  56  16:09  Queen  
  56  16:10  Hydralisk  
  40  16:18  Roach  
  40  16:19  Hydralisk  
  36  16:34  Hatchery  
  36  16:36  Hydralisk  
  33  16:42  Hydralisk  
  33  17:02  Hatchery  
  33  17:05  Spawning Pool  
  25  17:12  Drone  
  23  17:26  Drone x5  
Tags
 
Composition
Muta Ling Bane
League
Silver
Matchup
ZvZ
Race
Zerg
Replay Pack
Pack 1
Spawn Locations
Cross Positions
Add a new tag
Caveats
  • Supply blocks, unpowered buildings, or Contaminate may cause inaccurate times.
  • Supply counts are checked every 10 seconds.